 Dungeon Crawl Stone Soup version 0.27-a0-1078-g0d77da1 (webtiles) character file.

Game seed: 4524125572077439238

167 GeorgeSoros the Skirmisher (level 5, 0/59 HPs)
             Began as an Ogre Berserker on Apr 24, 2021.
             Was a Believer of Trog.
             Slain by Pikel
             ... wielding a +2 whip of flaming
              (10 damage)
             ... on level 4 of the Dungeon.
             The game lasted 00:04:37 (1527 turns).

GeorgeSoros the Skirmisher (Ogre Berserker)         Turns: 1527, Time: 00:04:40

Health: 0/59       AC:  3    Str: 22    XL:     5   Next: 48%
Magic:  5/5        EV: 10    Int:  8    God:    Trog [**....]
Gold:   104        SH:  0    Dex:  8    Spells: 4/4 levels left

rFire    + . .     SeeInvis .   a - +0 spear
rCold    + + .     Faith    .   (no shield)
rNeg     . . .     Spirit   .   b - +0 animal skin
rPois    .         Reflect  .   (helmet restricted)
rElec    .         Harm     .   c - scarf {rC+ rF+}
rCorr    .         Rampage  .   (gloves unavailable)
Will     ++...                  (boots unavailable)
Stlth    +.........             (no amulet)
HPRegen  1.19/turn              d - ring of protection from cold
MPRegen  0.09/turn              (no ring)

@: on berserk cooldown, regenerating (expiring), slowed, very slow
A: large, unfitting armour, tough skin 1
a: Renounce Religion, Berserk, Trog's Hand


You were on level 4 of the Dungeon.
You worshipped Trog.
Trog was pleased with you.
You visited 1 branch of the dungeon, and saw 4 of its levels.

You collected 104 gold pieces.

Inventory:

Hand Weapons
 a - a +0 spear (weapon)
Armour
 b - a +0 animal skin (worn)
 c - a scarf of resistance (worn)
Jewellery
 d - a ring of protection from cold (left hand)
Scrolls
 e - a scroll of immolation
Potions
 f - 3 potions of flight


   Skills:
 + Level 5.9 Fighting
 + Level 4.8 Polearms
 - Level 2.6 Dodging
 - Level 0.5 Stealth


You had 4 spell levels left.
You didn't know any spells.
Your spell library was empty.

Dungeon Overview and Level Annotations

Branches:
Dungeon (3/15)

Altars:
Sif Muna

Shops:
D:1 ?

Annotations:
D:4 Pikel


Innate Abilities, Weirdness & Mutations

You are too large for most types of armour.
You have tough skin. (AC +1)


Message History

The phantom is almost destroyed.
The lemure hits you. The phantom hits you.
You puncture the phantom!
You destroy the phantom!
Trog accepts your kill.
You have reached level 5!
You closely miss the giant cockroach. The lemure hits you.
The giant cockroach bites you but does no damage.
You hit the giant cockroach.
You kill the giant cockroach!
Trog accepts your kill.
You hit the lemure.
The lemure is heavily wounded.
The lemure hits you!
* * * LOW HITPOINT WARNING * * *
The lemure closely misses you.
You closely miss the lemure.
The lemure is heavily wounded.
You hit the lemure.
The lemure is severely wounded.
The lemure hits you.
* * * LOW HITPOINT WARNING * * *
The lemure hits you but does no damage.
You puncture the lemure!
You kill the lemure!
That felt strangely unrewarding.
You closely miss Pikel. The lemure hits you!
* * * LOW HITPOINT WARNING * * *
Pikel says, "You'll rot in Tartarus!"
Pikel closely misses you.
You puncture Pikel!
Pikel is moderately wounded.
You hit Pikel.
Pikel is heavily wounded.
You are no longer berserk.
You are exhausted.
You feel yourself slow down.
You feel the effects of Trog's Hand fading.
Pikel hits you with a +2 whip of flaming!
You die...

########
##≈≈≈≈≈§###
##≈≈....≈§§##
#§§.§....§§§##
#≈......§g5§≈#
#≈...#.###.K≈##
#≈.$.#.[[#@5≈≈#
#≈...#.($#...≈#
#≈≈..#...#...≈#
##≈..###.#....+
#≈≈.. .....≈#
##≈§§ ....≈≈#
##≈§≈ ..≈≈##
###≈ ≈§≈≈##


You could see Pikel, 2 lemures and a gnoll shaman.

Vanquished Creatures
  A phantom (D:4)
  A lemure (D:4)
  Natasha (D:3)
  2 adders (D:2)
  A worm (D:3)
  A dart slug (D:1)
  4 endoplasms (D:1)
  A giant cockroach (D:4)
  5 hobgoblins
  2 quokkas (D:1)
  7 ball pythons
  6 bats (D:1)
  5 kobolds
  10 rats
47 creatures vanquished.

Notes
Turn   | Place    | Note
-------+----------+-------------------------------------------
     0 | D:1      | GeorgeSoros the Ogre Berserker began the quest for the Orb.
     0 | D:1      | Reached XP level 1. HP: 24/24 MP: 1/1
   218 | D:1      | Reached XP level 2. HP: 33/33 MP: 2/2
   613 | D:1      | Reached XP level 3. HP: 40/40 MP: 3/3
   649 | D:1      | Found Luej's Magic Scroll Shoppe.
   858 | D:1      | Reached ** piety under Trog
  1016 | D:2      | You fall into a shaft and drop 1 floor!
  1102 | D:3      | Noticed Natasha
  1133 | D:3      | Killed Natasha
  1134 | D:3      | Reached skill level 5 in Fighting
  1134 | D:3      | Reached XP level 4. HP: 50/50 MP: 4/4
  1290 | D:2      | Found a shimmering blue altar of Sif Muna.
  1414 | D:2      | Found a faded altar of an unknown god.
  1497 | D:2      | You fall into a shaft and drop 2 floors!
  1497 | D:4      | Noticed Pikel
  1497 | D:4      | Noticed a lemure
  1497 | D:4      | Noticed a lemure
  1497 | D:4      | Noticed a lemure
  1497 | D:4      | Noticed a lemure
  1498 | D:4      | Noticed a phantom
  1518 | D:4      | Killed a phantom
  1519 | D:4      | Reached XP level 5. HP: 31/59 MP: 5/5
  1524 | D:4      | Killed a lemure
  1527 | D:4      | Slain by Pikel

Illustrated notes

Levels and vault maps discovered:
D:1:      dpeg_arrival_ratfight, layout_basic, serial_shops, shop_fountains
D:2:      layout_basic, hellmonk_ecumenical_altar_inner_sanctum, basic_altar,
          minmay_tromino_mix6
D:3:      layout_basic, lemuel_tele_altar, uniq_natasha
D:4:      layout_basic, brannock_xom_greatest_gift, kennysheep_potato,
          uniq_pikel

Skill      XL: |  1  2  3 |
---------------+----------+-----
Fighting       | 5 |  5.9
Polearms       | 4 |  4.8
Dodging        | |  2.6
Stealth        | |  0.5

Action                   |  1- 3 |  4- 6 || total
-------------------------+-------+-------++-------
Melee: Spear             |   144 |    41 ||   185
Invok: Berserk           |     1 |     1 ||     2
       Trog's Hand       |       |     1 ||     1
  Use: Scroll            |     3 |       ||     3
 Stab: Sleeping          |     1 |       ||     1
       Distracted        |     1 |       ||     1
Armor: Animal skin       |    30 |     9 ||    39
Dodge: Dodged            |    80 |    16 ||    96

Table legend: (Time is in decaauts)
 A = Elapsed time spent in this place.
 B = Non-inter-level travel time spent in this place.
 C = Inter-level travel time spent in this place.
 D = Time resting spent in this place.
 E = Time spent auto-exploring this place.
 F = Levels seen in this place.
 G = Mean time per level.
                   A        B        C        D        E       F      G
               +--------+--------+--------+--------+--------+-----+--------+
         Total |   1516 |   1483 |     33 |     43 |   1115 |   4 |  379.0 |
       Dungeon |   1516 |   1483 |     33 |     43 |   1115 |   4 |  379.0 |
               +--------+--------+--------+--------+--------+-----+--------+

Top non-repeatable levels by time:
     D:1: 936 daAuts
     D:2: 377 daAuts
     D:3: 180 daAuts
     D:4: 21 daAuts
